Match 46769460
Unlisted

Match 46769460
End
Construct Barracks
Riflemen Squad
Riflemen Squad
Engineer Squad
Mortar Pit
Mechanized Support Center
Construct Motor Pool
1⁄4-ton 4x4 Truck
M16 Multiple Gun Motor Carriage
Riflemen Squad
Riflemen Squad
Construct Medical Station
Designate Forward Repair Station
M3 75 mm Gun Motor Carriage
Selects Special Operations Battlegroup
Selects Smoke Screen
Selects SSF Commando Squad
SSF Commando Squad
Construct Tank Depot
Selects M29 Weasel Recon Vehicle
Selects Mark Vehicle
Selects UNKNOWN (2162291)
Designate Forward Repair Station
M4A1 Sherman Medium Tank
Smoke Screen
M4A1 Sherman Whizbang
Smoke Screen
Improvised Armor
M4A1 Sherman Medium Tank
M4A1 76mm Conversion
.30 cal Machine Gun
Boneless
Tixi
mr_ako
the iron marshal
0
0

Comments sign in to comment!

No comments posted yet!